| TOP OF THE 1ST |
|
Amarillo ThunderHeads batting - Pitching for Madison Brewers : LHP Bill Kovac
|
|
Pitching: LHP Bill Kovac
|
|
|
Batting: LHB Carlos Guajardo
|
0-0: Ball 1-0: Ball 2-0: Foul Ball, location: 2F 2-1: Called Strike 2-2: Ball 3-2: Strikes out swinging
|
|
Batting: LHB Mike Gruszewski
|
0-0: Called Strike 0-1: Called Strike 0-2: Reached on error, E1 (Groundball, 15S, EV 67.5 MPH)
|
|
Batting: RHB Bill Flannery
|
0-0: Ball 1-0: Foul Ball, location: 2F 1-1: 2-RUN HOME RUN (Flyball, 78XD, EV 99.4 MPH), Distance : 400 ft
|
|
Batting: RHB Shi-fu Cuan
|
0-0: Ball 1-0: Swinging Strike 1-1: Called Strike 1-2: Strikes out swinging
|
|
Batting: LHB Thie Hofmann
|
0-0: Ball 1-0: Called Strike 1-1: Ground out 1-3 (Groundball, 13S, EV 68.8 MPH)
|
| Top of the 1st over - 2 runs, 1 hit, 1 error, 0 left on base; Amarillo 2 - Madison 0 |
| BOTTOM OF THE 1ST |
|
Madison Brewers batting - Pitching for Amarillo ThunderHeads : RHP Gabriel Veles
|
|
Pitching: RHP Gabriel Veles
|
|
|
Batting: RHB Malcolm McCauley
|
0-0: Ball 1-0: Called Strike 1-1: Foul Ball, location: 2F 1-2: Ball 2-2: Foul Ball, location: 2RF, Error on foul ball, E2 2-2: Ball 3-2: Ground out 1-3 (Groundball, 34S, EV 76.9 MPH)
|
|
Batting: RHB Cory Taylor
|
0-0: Ball 1-0: Swinging Strike 1-1: Ball 2-1: SINGLE (Groundball, 56D, EV 105.6 MPH)
|
|
Batting: RHB Jelani Griffin
|
0-0: Ball 1-0: Called Strike 1-1: SINGLE (Line Drive, 9S, EV 94.4 MPH) Cory Taylor to second Runner from 2nd tries for 3rd, SAFE, throw by RF made to third
|
|
Batting: RHB Bobby Raya
|
0-0: Fielders Choice at 2nd, 4-6 (Groundball, 4, EV 79.4 MPH) Cory Taylor scores
|
|
Batting: LHB Bill Kovac
|
0-0: Swinging Strike 0-1: Ball 1-1: Ball 2-1: Foul Ball, location: 2F 2-2: Ball 3-2: Foul Ball, location: 2F 3-2: Foul Ball, location: 2F 3-2: Base on Balls Bobby Raya to second
|
|
Batting: RHB Patrick Foote
|
0-0: Called Strike 0-1: Ball 1-1: Called Strike 1-2: Ball 2-2: Strikes out swinging
|
| Bottom of the 1st over - 1 run, 2 hits, 1 error, 2 left on base; Amarillo 2 - Madison 1 |
| TOP OF THE 2ND |
|
Amarillo ThunderHeads batting - Pitching for Madison Brewers : LHP Bill Kovac
|
|
Batting: RHB Jorge Balderama
|
0-0: Ground out 5-3 (Groundball, 5S, EV 87.5 MPH)
|
|
Batting: LHB Bill Mahoney
|
0-0: Called Strike 0-1: Ball 1-1: Ball 2-1: Ground out 4-3 (Groundball, 4, EV 79.4 MPH)
|
|
Batting: RHB Eddie Vanderjagt
|
0-0: Ball 1-0: Called Strike 1-1: SINGLE (Groundball, 6MS, EV 72.5 MPH) (infield hit)
|
|
Batting: RHB Dennis Underwood
|
0-0: Called Strike 0-1: Ball 1-1: Fielders Choice at 2nd, 6-4 (Groundball, 6, EV 88.1 MPH)
|
| Top of the 2nd over - 0 runs, 1 hit, 0 errors, 1 left on base; Amarillo 2 - Madison 1 |
| BOTTOM OF THE 2ND |
|
Madison Brewers batting - Pitching for Amarillo ThunderHeads : RHP Gabriel Veles
|
|
Batting: RHB Dave Guevara
|
0-0: SINGLE (Line Drive, 6MD, EV 102.5 MPH)
|
|
Batting: RHB Kelan Rae
|
0-0: Ball 1-0: SINGLE (Groundball, 4MD, EV 106.2 MPH) Dave Guevara to second
|
|
Batting: LHB Andy Underwood
|
0-0: Ball 1-0: Called Strike 1-1: Foul Ball, location: 2F 1-2: Strikes out swinging
|
|
Batting: RHB Malcolm McCauley
|
0-0: Ball 1-0: Called Strike 1-1: 3-RUN HOME RUN (Line Drive, 8LXD, EV 116.2 MPH), Distance : 453 ft
|
|
Batting: RHB Cory Taylor
|
0-0: Ball 1-0: Foul Ball, location: 2F 1-1: Called Strike 1-2: Foul Ball, location: 2F 1-2: Foul Ball, location: 2F 1-2: Ball 2-2: TRIPLE (Flyball, 89XD, EV 103.1 MPH)
|
|
Batting: RHB Jelani Griffin
|
0-0: Ball 1-0: Ball 2-0: Foul Ball, location: 2F 2-1: Ground out U3 (Groundball, 34, EV 103.1 MPH) Cory Taylor scores
|
|
Batting: RHB Bobby Raya
|
0-0: Called Strike 0-1: Ball 1-1: Ball 2-1: SINGLE (Groundball, 34D, EV 93.8 MPH)
|
|
Batting: LHB Bill Kovac
|
0-0: Fly out, F8 (Flyball, 8LM, EV 82.5 MPH)
|
| Bottom of the 2nd over - 4 runs, 5 hits, 0 errors, 1 left on base; Amarillo 2 - Madison 5 |
| TOP OF THE 3RD |
|
Amarillo ThunderHeads batting - Pitching for Madison Brewers : LHP Bill Kovac
|
|
Batting: LHB Carlos Guajardo
|
0-0: Foul Ball, location: 2F 0-1: Ball 1-1: Foul Ball, location: 2F 1-2: Ball 2-2: SINGLE (Groundball, 34D, EV 103.8 MPH)
|
|
Batting: LHB Mike Gruszewski
|
0-0: Foul Ball, location: 2F 0-1: Swinging Strike 0-2: Ball 1-2: Strikes out looking
|
|
Batting: RHB Bill Flannery
|
0-0: Ball 1-0: Ball 2-0: Foul Ball, location: 2F 2-1: Ball 3-1: Fly out, F8 (Flyball, 8LM, EV 93.1 MPH)
|
|
Batting: RHB Shi-fu Cuan
|
0-0: Called Strike 0-1: Foul Ball, location: 2F 0-2: Foul Ball, location: 2F 0-2: Ball 1-2: Ball 2-2: Strikes out swinging
|
| Top of the 3rd over - 0 runs, 1 hit, 0 errors, 1 left on base; Amarillo 2 - Madison 5 |
| BOTTOM OF THE 3RD |
|
Madison Brewers batting - Pitching for Amarillo ThunderHeads : RHP Gabriel Veles
|
|
Batting: RHB Patrick Foote
|
0-0: Ball 1-0: Ball 2-0: Ball 3-0: Called Strike 3-1: Fly out, F7 (Flyball, 78D, EV 83.8 MPH)
|
|
Batting: RHB Dave Guevara
|
0-0: Ball 1-0: Ball 2-0: Ball 3-0: Called Strike 3-1: Base on Balls
|
|
Batting: RHB Kelan Rae
|
0-0: Ball 1-0: Called Strike 1-1: Called Strike 1-2: Strikes out swinging
|
|
Batting: LHB Andy Underwood
|
0-0: Foul Ball, location: 2F 0-1: Ball 1-1: Ball 2-1: Fly out, F8 (Line Drive, 8LM, EV 98.1 MPH)
|
| Bottom of the 3rd over - 0 runs, 0 hits, 0 errors, 1 left on base; Amarillo 2 - Madison 5 |
| TOP OF THE 4TH |
|
Amarillo ThunderHeads batting - Pitching for Madison Brewers : LHP Bill Kovac
|
|
Batting: LHB Thie Hofmann
|
0-0: Ball 1-0: Called Strike 1-1: Foul Ball, location: 2F 1-2: Strikes out swinging
|
|
Batting: RHB Jorge Balderama
|
0-0: Ball 1-0: Called Strike 1-1: Ball 2-1: Foul Ball, location: 2F 2-2: Strikes out swinging
|
|
Batting: LHB Bill Mahoney
|
0-0: Foul Ball, location: 2F 0-1: Called Strike 0-2: Ball 1-2: Ball 2-2: SOLO HOME RUN (Flyball, 89XD, EV 114.4 MPH), Distance : 429 ft
|
|
Batting: RHB Eddie Vanderjagt
|
0-0: Foul Ball, location: 2F 0-1: Ball 1-1: Foul Ball, location: 2F 1-2: Fly out, F8 (Line Drive, 8RD, EV 88.1 MPH)
|
| Top of the 4th over - 1 run, 1 hit, 0 errors, 0 left on base; Amarillo 3 - Madison 5 |
| BOTTOM OF THE 4TH |
|
Madison Brewers batting - Pitching for Amarillo ThunderHeads : RHP Gabriel Veles
|
|
Batting: RHB Malcolm McCauley
|
0-0: Called Strike 0-1: Ball 1-1: Ball 2-1: Called Strike 2-2: Foul Ball, location: 2F 2-2: Foul Ball, location: 2F 2-2: SINGLE (Groundball, 6S, EV 60.6 MPH) (infield hit)
|
|
Batting: RHB Cory Taylor
|
0-0: Called Strike 0-1: Called Strike 0-2: Ball 1-2: Foul Ball, location: 2F 1-2: Foul Ball, location: 2F 1-2: Foul Ball, location: 2F 1-2: Strikes out swinging
|
|
Pitching: RHP Dan Corrow
|
|
|
Batting: RHB Jelani Griffin
|
0-0: Called Strike 0-1: 2-RUN HOME RUN (Flyball, 7D, EV 96.2 MPH), Distance : 361 ft
|
|
Batting: RHB Bobby Raya
|
0-0: Ball 1-0: Ball 2-0: Called Strike 2-1: Ball 3-1: Base on Balls
|
|
Batting: LHB Bill Kovac
|
0-0: Ball 1-0: Called Strike 1-1: Foul Ball, location: 2F 1-2: Strikes out swinging
|
|
Batting: RHB Patrick Foote
|
0-0: Ball 1-0: Called Strike 1-1: Foul Ball, location: 2F 1-2: Ball Bobby Raya is caught stealing 2nd base 2-4
|
| Bottom of the 4th over - 2 runs, 2 hits, 0 errors, 0 left on base; Amarillo 3 - Madison 7 |
| TOP OF THE 5TH |
|
Amarillo ThunderHeads batting - Pitching for Madison Brewers : LHP Bill Kovac
|
|
Batting: RHB Dennis Underwood
|
0-0: Ball 1-0: Called Strike 1-1: Foul Ball, location: 2F 1-2: Foul Ball, location: 2F 1-2: Fly out, F8 (Flyball, 78D, EV 90.0 MPH)
|
|
Batting: LHB Carlos Guajardo
|
0-0: Called Strike 0-1: Called Strike 0-2: Ball 1-2: Ball 2-2: Foul Ball, location: 2F 2-2: Ball 3-2: Fly out, F8 (Flyball, 8RM, EV 78.8 MPH)
|
|
Batting: LHB Mike Gruszewski
|
0-0: Ball 1-0: Ball 2-0: Ball 3-0: Swinging Strike 3-1: Base on Balls
|
|
Pitching: RHP Silvian Mans
|
|
|
Batting: RHB Bill Flannery
|
0-0: Foul Ball, location: 2F 0-1: Called Strike 0-2: Strikes out swinging
|
| Top of the 5th over - 0 runs, 0 hits, 0 errors, 1 left on base; Amarillo 3 - Madison 7 |
| BOTTOM OF THE 5TH |
|
Madison Brewers batting - Pitching for Amarillo ThunderHeads : RHP Dan Corrow
|
|
Batting: RHB Patrick Foote
|
0-0: Ball 1-0: Ground out 5-3 (Groundball, 56, EV 105.6 MPH)
|
|
Batting: RHB Dave Guevara
|
0-0: Ball 1-0: Called Strike 1-1: SINGLE (Flyball, 34D, EV 89.4 MPH)
|
|
Batting: RHB Kelan Rae
|
0-0: Ball 1-0: Ball 2-0: Fly out, F5 (Popup, 56S, EV 82.5 MPH)
|
|
Batting: LHB Andy Underwood
|
0-0: Ball 1-0: Ball 2-0: Swinging Strike 2-1: Called Strike 2-2: Ball 3-2: Strikes out swinging
|
| Bottom of the 5th over - 0 runs, 1 hit, 0 errors, 1 left on base; Amarillo 3 - Madison 7 |
| TOP OF THE 6TH |
|
Amarillo ThunderHeads batting - Pitching for Madison Brewers : RHP Silvian Mans
|
|
Batting: RHB Shi-fu Cuan
|
0-0: Ball 1-0: Ball 2-0: Called Strike 2-1: Ground out 3-1 (Groundball, 34, EV 101.9 MPH)
|
|
Batting: LHB Thie Hofmann
|
0-0: Swinging Strike 0-1: Ball 1-1: Foul Ball, location: 2F 1-2: Ball 2-2: Foul Ball, location: 2F 2-2: Strikes out looking
|
|
Pinch Hitting: LHB Tony Cisneros
|
0-0: Ball 1-0: Called Strike 1-1: Ground out U3 (Groundball, 34, EV 108.8 MPH)
|
| Top of the 6th over - 0 runs, 0 hits, 0 errors, 0 left on base; Amarillo 3 - Madison 7 |
| BOTTOM OF THE 6TH |
|
Madison Brewers batting - Pitching for Amarillo ThunderHeads : RHP Dan Corrow
|
|
Now in LF: Bill Mahoney
|
|
|
Now in CF: Tony Cisneros
|
|
|
Batting: RHB Malcolm McCauley
|
0-0: Called Strike 0-1: Ground out 4-3 (Groundball, 4M, EV 86.9 MPH)
|
|
Batting: RHB Cory Taylor
|
0-0: Ball 1-0: Ball 2-0: Ball 3-0: Called Strike 3-1: Base on Balls
|
|
Batting: RHB Jelani Griffin
|
0-0: Ball 1-0: Ball 2-0: Ball Cory Taylor is caught stealing 2nd base 2-4 3-0: Called Strike 3-1: Foul Ball, location: 2F 3-2: Base on Balls
|
|
Batting: RHB Bobby Raya
|
0-0: Ball 1-0: Called Strike 1-1: Swinging Strike 1-2: Fielders Choice at 2nd, 6-4 (Groundball, 6, EV 85.0 MPH)
|
| Bottom of the 6th over - 0 runs, 0 hits, 0 errors, 1 left on base; Amarillo 3 - Madison 7 |
| TOP OF THE 7TH |
|
Amarillo ThunderHeads batting - Pitching for Madison Brewers : RHP Silvian Mans
|
|
Batting: LHB Bill Mahoney
|
0-0: SINGLE (Groundball, 56D, EV 93.8 MPH)
|
|
Batting: RHB Eddie Vanderjagt
|
0-0: Ball 1-0: Called Strike 1-1: TRIPLE (Flyball, 8LXD, EV 100.0 MPH) Bill Mahoney scores
|
|
Batting: RHB Dennis Underwood
|
0-0: Ball 1-0: Ball 2-0: Swinging Strike 2-1: Fly out, F2 (Popup, 15S, EV 91.9 MPH)
|
|
Batting: LHB Carlos Guajardo
|
0-0: Called Strike 0-1: Swinging Strike 0-2: Ball Passed Ball! Eddie Vanderjagt scores 1-2: Strikes out swinging
|
|
Batting: LHB Mike Gruszewski
|
0-0: Called Strike 0-1: Foul Ball, location: 2F 0-2: Ball 1-2: Ball 2-2: Ball 3-2: Strikes out swinging
|
| Top of the 7th over - 2 runs, 2 hits, 0 errors, 0 left on base; Amarillo 5 - Madison 7 |
| BOTTOM OF THE 7TH |
|
Madison Brewers batting - Pitching for Amarillo ThunderHeads : RHP Dan Corrow
|
|
Pitching: LHP Ruben Lopez
|
|
|
Batting: LHB Bill Kovac
|
0-0: Ball 1-0: Swinging Strike 1-1: Fly out, F8 (Flyball, 8LD, EV 96.2 MPH)
|
|
Pitching: RHP Jose Ramirez
|
|
|
Batting: RHB Patrick Foote
|
0-0: Swinging Strike 0-1: Called Strike 0-2: Foul Ball, location: 2F 0-2: Ball 1-2: Strikes out swinging
|
|
Batting: RHB Dave Guevara
|
0-0: Called Strike 0-1: Fly out, F3 (Line Drive, 3, EV 74.4 MPH)
|
| Bottom of the 7th over - 0 runs, 0 hits, 0 errors, 0 left on base; Amarillo 5 - Madison 7 |
| TOP OF THE 8TH |
|
Amarillo ThunderHeads batting - Pitching for Madison Brewers : RHP Silvian Mans
|
|
Now at 1B: Jelani Griffin
|
|
|
Now at 3B: Jackson Wither
|
|
|
Batting: RHB Bill Flannery
|
0-0: Called Strike 0-1: Foul Ball, location: 2F 0-2: Foul Ball, location: 2F 0-2: Ball 1-2: Foul Ball, location: 2F 1-2: SINGLE (Groundball, 4M, EV 82.5 MPH) (infield hit)
|
|
Batting: RHB Shi-fu Cuan
|
0-0: Ball 1-0: Ball 2-0: Ground out 6-3 (Groundball, 4MS, EV 65.6 MPH) Bill Flannery to second
|
|
Batting: LHB Thie Hofmann
|
0-0: Ball 1-0: Ball 2-0: Called Strike 2-1: Ball 3-1: Base on Balls
|
|
Pitching: RHP Rick Acevedo
|
|
|
Now at 2B: Jackson Wither
|
|
|
Now at 3B: Noah Peek
|
|
|
Batting: LHB Tony Cisneros
|
0-0: Called Strike 0-1: Foul Ball, location: 2F 0-2: Ball 1-2: Strikes out swinging
|
|
Batting: LHB Bill Mahoney
|
0-0: Called Strike 0-1: Foul Ball, location: 2F 0-2: Ball 1-2: Ball 2-2: Ball 3-2: Strikes out looking
|
| Top of the 8th over - 0 runs, 1 hit, 0 errors, 2 left on base; Amarillo 5 - Madison 7 |
| BOTTOM OF THE 8TH |
|
Madison Brewers batting - Pitching for Amarillo ThunderHeads : RHP Jose Ramirez
|
|
Batting: RHB Noah Peek
|
0-0: Called Strike 0-1: Called Strike 0-2: SINGLE (Line Drive, 4D, EV 95.0 MPH)
|
|
Batting: LHB Andy Underwood
|
0-0: Called Strike 0-1: Ball 1-1: Fielders Choice at 2nd, 4-6 (Groundball, 4MD, EV 84.4 MPH)
|
|
Batting: RHB Malcolm McCauley
|
0-0: Ball Andy Underwood steals 2nd, throwing error, E2 Andy Underwood to third 1-0: Called Strike 1-1: Called Strike 1-2: SINGLE (Groundball, 6D, EV 95.0 MPH) Andy Underwood scores
|
|
Batting: RHB Cory Taylor
|
0-0: Ball 1-0: Ball 2-0: Swinging Strike 2-1: Swinging Strike 2-2: Strikes out swinging
|
|
Batting: RHB Jelani Griffin
|
0-0: Ball Malcolm McCauley steals 2nd base 1-0: Called Strike 1-1: Ball 2-1: Foul Ball, location: 2F 2-2: Ball 3-2: Base on Balls
|
|
Batting: LHB Jackson Wither
|
0-0: Ball 1-0: Ball 2-0: Ball 3-0: Base on Balls Malcolm McCauley to third Jelani Griffin to second
|
|
Batting: LHB Bill Kovac
|
0-0: Ground out 4-3 (Groundball, 4, EV 100.6 MPH)
|
| Bottom of the 8th over - 1 run, 2 hits, 1 error, 3 left on base; Amarillo 5 - Madison 8 |
| TOP OF THE 9TH |
|
Amarillo ThunderHeads batting - Pitching for Madison Brewers : RHP Rick Acevedo
|
|
Pitching: LHP Matt Rhinehart
|
|
|
Now in LF: Sammar Wambugu
|
|
|
Pinch Hitting: RHB Eric Camillo
|
0-0: Called Strike 0-1: Ball 1-1: Ball 2-1: Foul Ball, location: 2F 2-2: Fly out, F8 (Flyball, 8LM, EV 83.8 MPH)
|
|
Pinch Hitting: RHB Ray Travis
|
0-0: Ball 1-0: Called Strike 1-1: Foul Ball, location: 2F 1-2: Ball 2-2: Foul Ball, location: 2F 2-2: Ball 3-2: Ground out 3-1 (Groundball, 13, EV 82.5 MPH)
|
|
Batting: LHB Carlos Guajardo
|
0-0: Ball 1-0: Foul Ball, location: 2F 1-1: Foul Ball, location: 2F 1-2: Ball 2-2: Foul Ball, location: 2F 2-2: Foul Ball, location: 2F 2-2: Ball 3-2: Foul Ball, location: 2F 3-2: Ground out 4-3 (Groundball, 34D, EV 80.0 MPH)
|
| Top of the 9th over - 0 runs, 0 hits, 0 errors, 0 left on base; Amarillo 5 - Madison 8 |
|